 Dungeon Crawl Stone Soup version 0.30-a0-718-geaa24f58ff (webtiles) character file.

Game seed: 10989946243117976731

2928 mopl the Carver (level 9, -16/108 HPs)
             Began as a Merfolk Berserker on Jan 25, 2023.
             Was an Elder of Trog.
             Demolished by a two-headed ogre
             ... wielding a +0 giant spiked club
              (23 damage)
             ... on level 8 of the Dungeon.
             The game lasted 00:07:55 (6342 turns).

mopl the Carver (Merfolk Berserker)                 Turns: 6342, Time: 00:07:56

Health: -16/108    AC: 15    Str: 21    XL:     9   Next: 79%
Magic:  9/9        EV:  9    Int:  7    God:    Trog [****..]
Gold:   512        SH:  0    Dex: 13    Spells: 8/8 levels left

rFire   + . .      SeeInvis .    a - +2 long sword (holy)
rCold   . . .      Faith    .    (no shield)
rNeg    . . .      Spirit   .    A - +0 plate armour
rPois   +          Reflect  .    (no helmet)
rElec   .          Harm     .    w - +0 cloak
rCorr   .          Rampage  .    k - +0 pair of gloves
Will    .....                    c - +0 pair of boots Stlth
                                 (no amulet)
HPRegen 0.38/turn                m - ring of poison resistance
MPRegen 0.11/turn                o - ring of protection from fire

@: berserking, very quick
A: (nimble swimmer 2), mertail
a: Renounce Religion, Berserk, Trog's Hand, Brothers in Arms


You were on level 8 of the Dungeon.
You worshipped Trog.
Trog was greatly pleased with you.
You visited 1 branch of the dungeon, and saw 8 of its levels.

You collected 512 gold pieces.

Inventory:

Hand Weapons
 a - a +2 long sword of holy wrath (weapon)
 b - a +0 short sword of draining
 l - a +2 dagger of venom
Missiles
 s - 6 javelins
 u - 8 poisoned darts (quivered)
 y - 5 boomerangs
 H - a throwing net
Armour
 c - a +0 pair of boots (worn)
 k - a +0 pair of gloves (worn)
 w - a +0 cloak (worn)
 A - a +0 plate armour (worn)
 B - an orb of guile
Jewellery
 f - a ring of protection from cold
 m - a ring of poison resistance (left hand)
 o - a ring of protection from fire (right hand)
Wands
 I - a wand of polymorph (18)
Scrolls
 n - 2 scrolls of enchant weapon {unknown}
 p - a scroll of fear {unknown}
 q - 4 scrolls of fog {unknown}
 r - a scroll of magic mapping {unknown}
 v - 2 scrolls of blinking {unknown}
 x - a scroll of silence {unknown}
 C - a scroll of teleportation {unknown}
 D - a scroll of noise {unknown}
 F - a scroll of immolation {unknown}
Potions
 d - 3 potions of lignification {!q}
 e - 4 potions of curing
 g - 2 potions of invisibility
 h - a potion of might
 i - 2 potions of cancellation
 j - 2 potions of heal wounds
 t - 2 potions of berserk rage {unknown}
 z - a potion of attraction {unknown}


   Skills:
 + Level 7.3 Fighting
 * Level 10.6 Long Blades
 + Level 0.6 Throwing
 + Level 4.6 Armour
 + Level 8.1 Dodging
 + Level 0.6 Evocations


You had 8 spell levels left.
You didn't know any spells.
Your spell library was empty.

Dungeon Overview and Level Annotations

Branches:
Dungeon (8/15)             Temple (0/1) D:7
   Lair: D:8-11

Altars:
Fedhas
Gozag
Trog
Yredelemnul
The Shining One

Annotations:
D:1 dig
D:3 3 runed translucent doors, funkygono's ghost, weakling GrFE


Innate Abilities, Weirdness & Mutations

((You are very nimble when in or above water. (Stealth+, EV+, Speed+++)))
Your lower body shifts to a powerful aquatic tail in water.


Message History

The two-headed ogre is poisoned.
You throw a poisoned dart.
The poisoned dart closely misses the two-headed ogre.
You throw a poisoned dart.
The poisoned dart hits the two-headed ogre.
The two-headed ogre looks even sicker.
A red film seems to cover your vision as you go berserk!
You feel yourself moving faster!
You feel mighty! The two-headed ogre barely misses you.
The two-headed ogre hits you with a +0 giant spiked club!!
You slash the two-headed ogre!
The two-headed ogre is lightly wounded.
You slash the two-headed ogre!
The two-headed ogre is moderately wounded.
The two-headed ogre hits you with a +0 giant spiked club!
The two-headed ogre barely misses you.
You barely miss the two-headed ogre.
The two-headed ogre is moderately wounded.
You hit the two-headed ogre.
The two-headed ogre is moderately wounded.
The two-headed ogre hits you with a +0 giant spiked club!!
* * * LOW HITPOINT WARNING * * *
The two-headed ogre barely misses you.
You slash the two-headed ogre!
The two-headed ogre is heavily wounded.
You hit the two-headed ogre.
The two-headed ogre is severely wounded.
You barely miss the two-headed ogre.
The two-headed ogre is severely wounded.
The two-headed ogre hits you with a +0 giant spiked club!!
* * * LOW HITPOINT WARNING * * *
The two-headed ogre closely misses you.
You slash the two-headed ogre!
The two-headed ogre is severely wounded.
You slash the two-headed ogre!
The two-headed ogre is almost dead.
You barely miss the two-headed ogre.
The two-headed ogre is almost dead.
The two-headed ogre hits you with a +0 giant spiked club!!
You die...

####'##### ..# #.# #(# #
#.# #.#
####.###########.#######
..†.............(.......
####.###########.#.#####
'...............(.......
#####...#......#O#.##### #
##.#.#######.#@#.#
###.#.##.## #.#.# .
##.#.##.#.## #.#.# ##
#.#.##.#)#.###.#..
.#.##.#.#.#.##....
#.##.#.###.#.##....
.##.#.##.##.#.###..
##.#.##.#.##.#.##......#...
#.#.##.#.#.##.#.## #....#..


You could see a two-headed ogre (poisoned).

Vanquished Creatures
  A hornet (D:8)
  Sigmund (D:3)
  A steam dragon (D:8)
  2 water moccasins (D:6)
  3 orc warriors
  3 ice beasts
  2 centaurs
  A kobold brigand (D:8)
  Blork the orc (D:4)
  3 bullfrogs (D:7)
  2 necrophages (D:6)
  3 scorpions
  5 wights
  A hound (D:6)
  2 orc priests
  2 jellies (D:6)
  Crazy Yiuf (D:7)
  9 orc wizards
  An iguana (D:7)
  4 adders
  3 shadow imps
  2 white imps
  An ufetubus (D:5)
  A worm (D:5)
  A dart slug (D:4)
  32 orcs
  2 ball pythons
  7 endoplasms
  3 giant cockroaches
  13 goblins
  9 hobgoblins
  5 quokkas
  8 bats
  2 frilled lizards
  7 kobolds
  4 rats
148 creatures vanquished.

Notes
Turn   | Place    | Note
-------+----------+-------------------------------------------
     0 | D:1      | mopl the Merfolk Berserker began the quest for the Orb.
     0 | D:1      | Reached XP level 1. HP: 18/18 MP: 1/1
    65 | D:1      | Reached XP level 2. HP: 12/21 MP: 2/2
    70 | D:1      | Reached skill level 3 in Dodging
    72 | D:1      | Reached skill level 4 in Long Blades
   276 | D:1      | Reached XP level 3. HP: 27/27 MP: 3/3
   498 | D:2      | Reached ** piety under Trog
  1055 | D:2      | Reached XP level 4. HP: 37/37 MP: 4/4
  1481 | D:3      | Found a runed translucent gate.
  1482 | D:3      | Found a runed translucent gate.
  1482 | D:3      | Noticed funkygono's ghost (weakling GrFE)
  1483 | D:3      | Found a runed translucent gate.
  1484 | D:3      | Noticed a kobold brigand
  1515 | D:3      | Reached skill level 2 in Armour
  1592 | D:3      | Noticed Sigmund
  1601 | D:3      | Killed Sigmund
  1602 | D:3      | Reached skill level 4 in Fighting
  1602 | D:3      | Reached skill level 5 in Long Blades
  1602 | D:3      | Reached skill level 4 in Dodging
  1602 | D:3      | Reached XP level 5. HP: 43/43 MP: 5/5
  1602 | D:3      | Reached XP level 6. HP: 49/49 MP: 6/6
  1807 | D:4      | Found a basalt altar of Yredelemnul.
  1920 | D:4      | Found a blossoming altar of Fedhas.
  1972 | D:4      | Noticed Blork the orc
  1980 | D:4      | Killed Blork the orc
  1981 | D:4      | Reached skill level 6 in Long Blades
  2819 | D:5      | Entered Level 5 of the Dungeon
  2896 | D:5      | Reached *** piety under Trog
  2921 | D:5      | Reached skill level 5 in Dodging
  2921 | D:5      | Reached XP level 7. HP: 51/55 MP: 7/7
  3267 | D:5      | Reached skill level 5 in Fighting
  3368 | D:5      | Reached skill level 7 in Long Blades
  3482 | D:6      | Found a glowing golden altar of the Shining One.
  3504 | D:6      | Reached skill level 3 in Armour
  3546 | D:6      | Reached XP level 8. HP: 40/63 MP: 8/8
  3741 | D:6      | Reached skill level 6 in Dodging
  3817 | D:6      | Reached skill level 8 in Long Blades
  3948 | D:6      | Reached skill level 6 in Fighting
  4282 | D:7      | Reached skill level 9 in Long Blades
  4444 | D:7      | Reached skill level 7 in Dodging
  4444 | D:7      | Reached XP level 9. HP: 64/64 MP: 9/9
  4463 | D:7      | Found a staircase to the Ecumenical Temple.
  4479 | D:7      | Reached skill level 4 in Armour
  4869 | D:7      | Reached **** piety under Trog
  5143 | D:7      | Found a runed translucent door.
  5144 | D:7      | Noticed Crazy Yiuf
  5262 | D:7      | Found a bloodstained altar of Trog.
  5338 | D:7      | Found an opulent altar of Gozag.
  5663 | D:7      | Killed Crazy Yiuf
  5664 | D:7      | Reached skill level 10 in Long Blades
  5807 | D:8      | Reached skill level 7 in Fighting
  5971 | D:8      | Noticed a hornet
  5981 | D:8      | Paralysed by a hornet for 2 turns
  5987 | D:8      | Killed a hornet
  5988 | D:8      | Reached skill level 8 in Dodging
  6323 | D:8      | Noticed a two-headed ogre
  6342 | D:8      | Demolished by a two-headed ogre

Illustrated notes

Levels and vault maps discovered:
D:1:      lemuel_arrival_lava_pool, layout_basic, due_unseen_surprise
D:2:      layout_loops_corners
D:3:      layout_basic, gammafunk_ghost_nasty_kobolds, uniq_sigmund
D:4:      layout_basic, mainiacjoe_overflow_catwalk_spiral, uniq_blork_the_orc
D:5:      layout_loops_ring
D:6:      layout_rooms, mainiacjoe_overflow_tiny_flanked
D:7:      layout_layer_cave, nicolae_gozag_seed_capital, trog_hazing_becter,
          minmay_temple_entry_butterflies, uniq_crazy_yiuf_cottage
D:8:      minmay_inner_zag, layout_basic

Skill      XL: |  1  2  3  4  5  6  7  8  9 |
---------------+----------------------------+-----
Dodging        | 3 4 5 7 8 |  8.1
Long Blades    | 4 5 6 7 9 10 | 10.6
Armour         | 2 3 4 |  4.6
Fighting       | 4 5 6 7 |  7.3
Throwing       | |  0.6
Evocations     | |  0.6

Action                     |  1- 3 |  4- 6 |  7- 9 || total
---------------------------+-------+-------+-------++-------
  Melee: Falchion          |    20 |       |       ||    20
         Punch             |     2 |       |     4 ||     6
         Short sword       |    81 |   134 |   302 ||   517
         Tailslap          |       |     1 |     2 ||     3
         Long sword        |       |       |   133 ||   133
         Dagger            |       |       |    30 ||    30
  Throw: Dart              |       |       |     6 ||     6
 Invoke: Berserk           |     1 |     2 |    10 ||    13
    Use: Scroll            |       |       |     7 ||     7
   Stab: Held in net/web   |       |       |     1 ||     1
 Armour: Animal skin       |    13 |       |       ||    13
         Ring mail         |    21 |    37 |    30 ||    88
         Plate armour      |       |       |   177 ||   177
  Dodge: Dodged            |    61 |    63 |   207 ||   331

Table legend: (Time is in decaauts)
 A = Elapsed time spent in this place.
 B = Non-inter-level travel time spent in this place.
 C = Inter-level travel time spent in this place.
 D = Time resting spent in this place.
 E = Time spent auto-exploring this place.
 F = Levels seen in this place.
 G = Mean time per level.
                   A        B        C        D        E       F      G
               +--------+--------+--------+--------+--------+-----+--------+
         Total |   6310 |   5957 |    353 |    729 |   3947 |   8 |  788.8 |
       Dungeon |   6310 |   5957 |    353 |    729 |   3947 |   8 |  788.8 |
               +--------+--------+--------+--------+--------+-----+--------+

Top non-repeatable levels by time:
     D:7: 1604 daAuts
     D:4: 971 daAuts
     D:2: 876 daAuts
     D:8: 638 daAuts
     D:6: 637 daAuts
     D:5: 616 daAuts
     D:3: 528 daAuts
     D:1: 438 daAuts
